Map: Temple gelé

Players

pupu

  • Race: Protoss Protoss
  • League: Silver

FILIN - Winner!

  • Race: Protoss Protoss
  • League: Silver

VOD

Have the link to the VOD?

Description

Time

  • Played on: April 5, 2016, 1:48 p.m.
  • Length: 8:00
Show
View Real Time Build Order
Export as new Build Order

pupu Protoss 

Build Orders: 1 Gate Expand 

Get SALT Encoding   

  12  0:01  Probe (Chrono Boost)  
  13  0:11  Probe (Chrono Boost)  
  14  0:20  Pylon  
  14  0:22  Probe (Chrono Boost)  
  15  0:38  Probe (Chrono Boost)  
  15  0:39  Gateway  
  16  0:48  Probe (Chrono Boost)  
  17  0:50  Assimilator  
  17  0:59  Probe (Chrono Boost)  
  18  1:20  Nexus  
  18  1:27  Zealot (Chrono Boost)  
  20  1:35  Probe  
  21  1:47  Probe  
  22  2:00  Probe  
  23  2:31  Probe  
  23  2:32  Zealot (Chrono Boost)  
  23  2:37  Pylon  
  23  2:43  Probe  
  23  2:51  Pylon  
  23  2:55  Probe  
  24  3:04  Gateway  
  24  3:06  Gateway  
  24  3:07  Probe, Gateway  
  24  3:09  Pylon  
  25  3:13  Assimilator  
  25  3:15  Zealot (Chrono Boost)  
  28  3:20  Probe  
  27  3:32  Probe  
  28  3:37  Cybernetics Core  
  28  3:44  Probe  
  29  3:56  Probe  
  29  3:58  Zealot (Chrono Boost)  
  29  4:00  Zealot (Chrono Boost)  
  28  4:13  Mothership Core (Chrono Boost)  
  28  4:16  Stalker x2  
  29  4:32  Probe (Chrono Boost)  
  30  4:44  Probe (Chrono Boost)  
  31  5:04  Pylon  
  31  5:08  Pylon  
  31  5:10  Pylon  
  31  5:19  Warp Gate (Chrono Boost)  
  31  5:26  Probe (Chrono Boost)  
  32  5:37  Pylon  
  31  5:45  Probe (Chrono Boost)  
  32  5:52  Pylon  
  32  5:55  Probe (Chrono Boost)  
  33  5:58  Stalker x2  
  37  6:07  Probe  
  38  6:19  Probe  
  38  6:31  Probe  
  37  6:43  Probe  
  38  6:55  Probe  
  39  7:07  Probe  
  40  7:19  Probe  
  40  7:20  Gateway x2  
  40  7:22  Gateway  
  41  7:25  Gateway  
  41  7:32  Probe  
  42  7:39  Stargate  
  42  7:44  Probe  
Show
View Real Time Build Order
Export as new Build Order

FILIN Protoss - Winner!

Build Orders:  

Get SALT Encoding   

  12  0:09  Pylon  
  12  0:13  Probe (Chrono Boost)  
  13  0:23  Probe (Chrono Boost)  
  14  0:31  Forge  
  14  0:35  Probe (Chrono Boost)  
  15  0:46  Probe (Chrono Boost)  
  15  0:49  Pylon  
  16  0:56  Probe (Chrono Boost)  
  17  1:07  Pylon  
  17  1:11  Pylon  
  17  1:22  Probe (Chrono Boost)  
  18  1:31  Photon Cannon  
  18  1:35  Photon Cannon  
  17  2:08  Pylon  
  17  2:13  Pylon  
  17  2:16  Pylon  
  17  2:22  Pylon  
  15  2:49  Probe (Chrono Boost)  
  16  2:54  Gateway  
  16  2:59  Probe (Chrono Boost), Photon Cannon  
  16  3:03  Pylon  
  17  3:06  Gateway  
  17  3:10  Probe (Chrono Boost)  
  18  3:21  Pylon  
  18  3:29  Photon Cannon  
  18  3:37  Photon Cannon  
  18  3:42  Photon Cannon  
  18  3:45  Photon Cannon  
  18  4:16  Pylon  
  18  4:22  Pylon  
  17  4:59  Zealot (Chrono Boost)  
  21  5:03  Zealot (Chrono Boost)  
  21  5:24  Zealot (Chrono Boost)  
  25  5:30  Zealot (Chrono Boost)  
  25  5:47  Zealot (Chrono Boost)  
  27  5:52  Gateway  
  27  5:54  Gateway  
  29  5:57  Zealot (Chrono Boost)  
  29  6:00  Nexus  
  29  6:03  Photon Cannon  
  29  6:05  Photon Cannon  
  29  6:11  Zealot (Chrono Boost)  
  29  6:24  Zealot (Chrono Boost)  
  31  6:34  Zealot (Chrono Boost)  
  33  6:47  Zealot x2 (Chrono Boost)  
  33  6:51  Zealot (Chrono Boost)  
  35  7:08  Photon Cannon  
  35  7:11  Photon Cannon  
  35  7:14  Photon Cannon, Zealot x2 (Chrono Boost)  
  35  7:15  Probe  
  40  7:26  Probe  
Tags
 
Add a new tag
Caveats
  • Supply blocks, unpowered buildings, or Contaminate may cause inaccurate times.
  • Supply counts are checked every 10 seconds.